 Dungeon Crawl Stone Soup version 0.17.1-3-g152610e (webtiles) character file.

1531 Goblin1989 the Digger (level 8, -4/44 HPs)
             Began as a Gargoyle Earth Elementalist on Mar 11, 2016.
             Was a Believer of Makhleb.
             Killed by divine providence
             ... invoked by an orc priest
              (15 damage)
             ... on level 5 of the Dungeon.
             The game lasted 00:48:05 (9034 turns).

Goblin1989 the Digger (Gargoyle Earth Elementalist) Turns: 9034, Time: 00:48:05

Health: -4/44      AC: 13    Str: 12    XL:     8   Next: 85%
Magic:  23/23      EV: 10    Int: 18    God:    Makhleb [**....]
Gold:   30         SH:  0    Dex: 10    Spells: 5 memorised, 2 levels left

rFire  . . .     SeeInvis +     w - +0 whip
rCold  . . .     Clarity  .     u - +0 ring mail
rNeg   + . .     SustAt   .     (no shield)
rPois  ∞         Gourm    .     x - +1 helmet
rElec  +         Spirit   .     m - +0 cloak
rCorr  .         Warding  .     (no gloves)
rMut   .         Stasis   .     (no boots)
MR     .....                    (no amulet)
Stlth  +.........               v - ring of see invisible
                                k - ring of magical power

@: not resistant to hostile enchantments, very unstealthy
A: negative energy resistance 1, electricity resistance, unbreathing,
petrification resistance, rot immunity, AC +5
a: Minor Destruction, Renounce Religion


You were on level 5 of the Dungeon.
You worshipped Makhleb.
Makhleb was pleased with you.
You were not hungry.

You visited 2 branches of the dungeon, and saw 8 of its levels.

You collected 255 gold pieces.
You spent 225 gold pieces at shops.

Inventory:

Hand Weapons
 b - a +0 blowgun
 w - a +0 whip (weapon)
Missiles
 a - 62 stones (quivered)
 t - 8 poisoned needles
Armour
 m - a +0 cloak (worn)
 u - a +0 ring mail (worn)
 x - a +1 helmet (worn)
Jewellery
 k - a ring of magical power (left hand)
 v - a ring of see invisible (right hand)
Wands
 l - a wand of random effects (6)
Scrolls
 e - a scroll of amnesia
 h - 3 scrolls of enchant armour
 i - 4 scrolls of teleportation {unknown}
 p - 4 scrolls of remove curse
 y - 3 scrolls of blinking
 A - a scroll of holy word {unknown}
 B - 3 scrolls of identify
Potions
 f - a potion of ambrosia {unknown}
 j - 2 potions of heal wounds
 n - 2 potions of flight {unknown}
 o - 4 potions of curing
 r - a potion of berserk rage {unknown}
 s - a potion of beneficial mutation {unknown}
 C - a potion of degeneration {unknown}
 D - a potion of might {unknown}
Books
 c - a book of Geomancy

   Spells                             Type                      Level
   a - Sandblast                      Earth                        1
   b - Stoneskin                      Transmutation/Earth          2
   c - Passwall                       Transmutation/Earth          3
   d - Stone Arrow                    Conjuration/Earth            3
   e - Petrify                        Transmutation/Earth          4
   f - Lee's Rapid Deconstruction     Earth                        5
Comestibles
 d - 4 bread rations
 g - a meat ration
 q - 3 beef jerkies
 z - 2 chunks of flesh


   Skills:
 + Level 1.6 Fighting
 * Level 4.6 Maces & Flails
 * Level 1.4 Armour
 - Level 1.5 Dodging
 - Level 2.1 Stealth
 + Level 4.2 Spellcasting
 - Level 4.1 Conjurations
 - Level 3.0 Transmutations
 + Level 7.8 Earth Magic
 - Level 1.6 Invocations


You had 2 spell levels left.
You knew the following spells:

 Your Spells              Type           Power        Failure   Level  Hunger
a - Sandblast             Erth           ####..       1%          1    None
b - Stoneskin             Trmt/Erth      ###.....     6%          2    ##.....
c - Stone Arrow           Conj/Erth      ####..       10%         3    ###....
d - Passwall              Trmt/Erth      ###.......   12%         3    ###....
e - Petrify               Trmt/Erth      ###.....     34%         4    ####...


Dungeon Overview and Level Annotations

Branches:
Dungeon (7/15)             Temple (1/1) D:5

Altars:
Ashenzari
Cheibriados
Dithmenos
Elyvilon
Fedhas
Gozag
Makhleb
Okawaru
Qazlal
Ru
Sif Muna
Trog
Xom
Yredelemnul
Zin
The Shining One

Shops:
D:5 =

Annotations:
D:4 exclusion: downstairs
D:6 exclusion: downstairs


Innate Abilities, Weirdness & Mutations

You are resistant to torment.
Your stone body is resilient (AC +5).
You are immune to poison.
You resist negative energy.
You are resistant to electric shocks.
You can survive without breathing.
You are immune to petrification.
You are immune to rotting.


Message History

The scorpion stings you but does no damage.
You closely miss the scorpion.
The scorpion is almost dead.
The jackal barely misses you. The gnoll barely misses you.
The orc barely misses you.
A worker ant comes into view.
The worker ant twitches its antennae in your direction.
You hit the scorpion but do no damage.
The scorpion is almost dead.
The jackal closely misses you.
The scorpion stings you but does no damage.
The orc priest mumbles some strange prayers to Beogh against you.
Something smites you!
* * * LOW HITPOINT WARNING * * *
The gnoll hits you but does no damage. The orc hits you but does no damage.
The jackal barely misses you.
You are too injured to fight recklessly!
The orc priest invokes the aid of Beogh against you.
Something smites you!
You die...

+.⌠.#####.⌠.'..#. #
#....# #....#..#.
##...###...###.#.
#....#....# ..# ###
##.......## .# ...
#.<.⌠.<.# .. #.#
##.......## ## #.#
#....#....#
#.###...###..@#####
#..#)...# #..hs#..#
#....⌠.## ##.goo..#
#.##...#
#.h.#..o.a..
#.###'##
##'###.####. #.#
.... .... .# ####.#
##### ..... .
.....# #...... ##
###### ##....


You could see a scorpion, an orc priest, an orc wizard, a gnoll, an orc and 2
jackals.

Vanquished Creatures
  Eustachio (D:6)
  An ice beast (D:4)
  An ogre (D:5)
  2 orc warriors (D:6)
  Blork the orc (D:6)
  A giant frog (D:6)
  A scorpion (D:7)
  2 hounds (D:6)
  A crimson imp (D:5)
  A jelly (D:7)
  2 giant frog skeletons
  3 orc priests
  3 orc wizards (D:6)
  3 worker ants (D:6)
  2 iguanas
  A hound zombie (D:5)
  A mummy (D:6)
  Robin (D:4)
  13 adders
  6 gnolls
  2 oozes
  3 worms
  4 giant geckos
  19 orcs
  8 giant cockroaches
  18 goblins
  14 hobgoblins
  7 quokkas
  A ball python (D:2)
  14 bats
  A giant cockroach zombie (D:6)
  6 giant newts
  12 jackals
  11 kobolds
  9 rats
176 creatures vanquished.

Vanquished Creatures (others)
  A jelly (D:6)
1 creature vanquished.

Grand Total: 177 creatures vanquished

Notes
Turn   | Place    | Note
--------------------------------------------------------------
     0 | D:1      | Goblin1989 the Gargoyle Earth Elementalist began the quest for the Orb.
     0 | D:1      | Reached XP level 1. HP: 10/10 MP: 3/3
   191 | D:1      | Reached skill level 4 in Earth Magic
   427 | D:1      | Reached XP level 2. HP: 15/15 MP: 5/5
   807 | D:1      | Reached XP level 3. HP: 13/19 MP: 6/6
  1237 | D:2      | Learned a level 2 spell: Stoneskin
  1505 | D:2      | Reached skill level 1 in Maces & Flails
  1594 | D:2      | Reached skill level 5 in Earth Magic
  1594 | D:2      | Reached XP level 4. HP: 22/24 MP: 7/7
  1600 | D:2      | Learned a level 3 spell: Stone Arrow
  2242 | D:3      | Reached skill level 1 in Conjurations
  2406 | D:3      | Reached XP level 5. HP: 28/28 MP: 4/9
  2633 | D:3      | Found a snail-covered altar of Cheibriados.
  3009 | D:3      | Learned a level 3 spell: Passwall
  3777 | D:4      | Found a shimmering altar of Xom.
  3778 | D:4      | Found a shattered altar of Ashenzari.
  3826 | D:4      | Reached XP level 6. HP: 32/32 MP: 10/10
  4151 | D:4      | Found a glowing silver altar of Zin.
  4151 | D:4      | Found a glowing golden altar of the Shining One.
  4152 | D:4      | Found a white marble altar of Elyvilon.
  4783 | D:4      | Noticed Robin
  4841 | D:4      | Killed Robin
  5318 | D:4      | Reached skill level 6 in Earth Magic
  5322 | D:5      | Entered Level 5 of the Dungeon
  5380 | D:5      | Found a staircase to the Ecumenical Temple.
  5387 | Temple   | Entered the Ecumenical Temple
  5478 | Temple   | Became a worshipper of Makhleb the Destroyer
  5890 | D:6      | Found an iron altar of Okawaru.
  5961 | D:6      | Reached XP level 7. HP: 36/36 MP: 11/11
  6032 | D:6      | Noticed Blork the orc
  6041 | D:6      | Killed Blork the orc
  6041 | D:6      | Reached skill level 1 in Invocations
  6130 | D:6      | Got a pitted plate armour
  6141 | D:6      | Identified the +3 plate armour of Tartarus {rPois rF- rN+ Dex+3} (You found it on level 6 of the Dungeon)
  6384 | D:6      | Reached * piety under Makhleb
  6384 | D:6      | Reached skill level 1 in Transmutations
  6384 | D:6      | Reached skill level 7 in Earth Magic
  6537 | D:6      | Noticed Eustachio
  6980 | D:6      | Reached XP level 8. HP: 41/41 MP: 13/13
  7123 | D:6      | Killed Eustachio
  7839 | D:7      | Reached ** piety under Makhleb
  7988 | D:4      | Reached skill level 1 in Fighting
  8117 | D:5      | Found a deep blue altar of Sif Muna.
  8127 | D:5      | Found Hes Qaipn's Jewellery Emporium.
  8134 | D:5      | Bought an uncursed ring of see invisible for 225 gold pieces
  8421 | D:7      | Found an opulent altar of Gozag.
  8603 | D:5      | Learned a level 4 spell: Petrify
  8807 | D:5      | Reached skill level 1 in Armour
  9034 | D:5      | Killed from afar by an orc priest

Action                   |  1- 3 |  4- 6 |  7- 9 || total
-------------------------+-------+-------+-------++-------
Melee: Whip              |   199 |   240 |   280 ||   719
 Fire: Blowgun           |       |     6 |    21 ||    27
Throw: Stone             |       |     1 |       ||     1
 Cast: Sandblast         |     5 |    68 |    73 ||   146
       Stone Arrow       |       |       |     1 ||     1
       Stoneskin         |       |       |     1 ||     1
Evoke: Wand              |       |    14 |     3 ||    17
  Use: Scroll            |     7 |     1 |       ||     8
       Potion            |       |     1 |     1 ||     2
 Stab: Sleeping          |     4 |     3 |     4 ||    11
  Eat: Bread ration      |     1 |       |       ||     1
       Chunk             |       |    11 |     9 ||    20
       Royal jelly       |       |       |     1 ||     1
